 Dungeon Crawl Stone Soup version 0.21.0-37-g46506fa (webtiles) character file.

149 Gorglomux the Ducker (level 5, 0/27 HPs)
             Began as a Spriggan Fighter on Feb 1, 2018.
             Was an Initiate of Ru.
             Slain by Ratty's ghost (9 damage)
             ... on level 3 of the Dungeon.
             The game lasted 00:06:26 (4073 turns).

Gorglomux the Ducker (Spriggan Fighter)             Turns: 4073, Time: 00:06:27

Health: 0/27       AC:  2    Str: 13    XL:     5   Next: 9%
Magic:  6/6        EV: 25    Int: 14    God:    Ru [......]
Gold:   162        SH:  7    Dex: 21    Spells: 4/4 levels left

rFire    . . .     SeeInvis +   a - +0 war axe
rCold    . . .     Gourm    .   c - +0 buckler
rNeg     . . .     Faith    .   b - +0 robe
rPois    .         Spirit   .   (helmet restricted)
rElec    .         Reflect  .   (no cloak)
rCorr    .         Harm     .   (gloves unavailable)
MR       .....                  (boots unavailable)
Stlth    +++.......             (no amulet)
HPRegen  0.09/turn              (no ring)
MPRegen  0.10/turn              (no ring)

@: brilliant, agile, hasted, very quick
A: very small, unfitting armour, see invisible, herbivore, speed 3, slow
metabolism 2
a: Renounce Religion


You were on level 3 of the Dungeon.
You worshipped Ru.
Ru was noncommittal.
You were not hungry.

You visited 1 branch of the dungeon, and saw 3 of its levels.

You collected 162 gold pieces.

Inventory:

Hand Weapons
 a - a +0 war axe (weapon)
Armour
 b - a +0 robe (worn)
 c - a +0 buckler (worn)
Scrolls
 g - 2 scrolls of remove curse
 h - 2 scrolls of identify {unknown}
 i - a scroll of enchant armour {unknown}
 j - 2 scrolls of fog {unknown}
 s - 2 scrolls of enchant weapon {unknown}
 v - a scroll of blinking {unknown}
Potions
 d - 4 potions of might
 n - a potion of degeneration {unknown}
 o - a potion of mutation {unknown}
 p - a potion of invisibility {unknown}
 q - a potion of resistance {unknown}
 t - 3 potions of lignification {unknown}
 u - a potion of flight {unknown}
 w - a potion of heal wounds {unknown}
Comestibles
 f - 4 rations


   Skills:
 - Level 2.6 Fighting
 + Level 3.9 Axes
 - Level 4.8 Dodging
 - Level 2.4 Shields


You had 4 spell levels left.
You didn't know any spells.

Dungeon Overview and Level Annotations

Branches:
Dungeon (3/15)

Altars:
Cheibriados
Hepliaklqana
Kikubaaqudgha
Ru
Trog
Vehumet

Annotations:
D:3 Ratty's ghost, amateur CeHu


Innate Abilities, Weirdness & Mutations

You are very small and have problems with some larger weapons.
You are too small for most types of armour.
You have supernaturally acute eyesight. (SInv)
You are a herbivore.
You cover ground extremely quickly.
You need consume almost no food.


Message History

Ratty's ghost is butt-ly damaged!
Ratty's ghost hits you!
You open Butt's ghost like a pillowcase!
Ratty's ghost is heavily butt!
Ratty's ghost hits you!!! * * * butt't butt
* * * Butt are too injured to fight recklessly!!!
You are too injured to fight recklessly!!!
Press: ? - butt, v - describe, ! - travel
Here: Ratty's ghost (heavily damaged)
The butt!
You cut Ratty's butt but do no damage!
Ratty's ghost is heavily damaged!
You block Ratty's ghost's attack!
You cut Ratty's ghost into ribbons!
Ratty's butt is heavily damaged!
You open Ratty's ghost but do no damage!
Ratty's butt is heavily damaged!
Ratty'butts ghost hits you!!! rip

####........................
##.#..#####.........##.#
#.#..#......#.#.......#
#.#..#.# #..........###
#.#..#.# #..#.#.......#
#.#..#.# #..#..W...##.#
#.#..#.# #..###.#.##
#......###..###.#.#
###........@W...#)#
#..#####..#####(####.#
#....................#
#########......(######
#########


You could see Ratty's ghost.

Vanquished Creatures
  7 adders
  An ooze (D:3)
  A worm (D:3)
  2 dart slugs
  3 leopard geckos
  3 orcs (D:3)
  5 bats
  2 giant cockroaches
  11 goblins
  7 hobgoblins
  8 jackals (D:2)
  4 kobolds
  A quokka (D:3)
  A ball python (D:3)
  4 frilled lizards
  7 rats
67 creatures vanquished.

Notes
Turn   | Place    | Note
-------+----------+-------------------------------------------
     0 | D:1      | Gorglomux the Spriggan Fighter began the quest for the Orb.
     0 | D:1      | Reached XP level 1. HP: 11/11 MP: 2/2
   211 | D:1      | Reached XP level 2. HP: 9/16 MP: 3/3
  1432 | D:2      | Noticed an ogre
  1627 | D:2      | Reached XP level 3. HP: 16/19 MP: 4/4
  2464 | D:2      | Reached skill level 3 in Axes
  2464 | D:2      | Reached XP level 4. HP: 23/23 MP: 5/5
  2864 | D:3      | Found a bloodstained altar of Trog.
  3175 | D:3      | Found a radiant altar of Vehumet.
  3176 | D:3      | Found a sacrificial altar of Ru.
  3176 | D:3      | Found a hazy altar of Hepliaklqana.
  3177 | D:3      | Found an ancient bone altar of Kikubaaqudgha.
  3310 | D:3      | Became a worshipper of Ru the Awakened
  3463 | D:3      | Found a snail-covered altar of Cheibriados.
  3515 | D:3      | Reached XP level 5. HP: 17/27 MP: 6/6
  3562 | D:3      | Noticed Ratty's ghost (amateur CeHu)
  4073 | D:3      | Slain by Ratty's ghost

Skill      XL: |  1  2  3 |
---------------+----------+-----
Axes           | 2 3 |  3.9
Fighting       | |  2.6
Dodging        | |  4.8
Shields        | |  2.4

Action                   |  1- 3 |  4- 6 || total
-------------------------+-------+-------++-------
Melee: War axe           |   124 |   111 ||   235
  Use: Scroll            |     1 |       ||     1
       Potion            |       |     4 ||     4
 Stab: Sleeping          |     1 |     1 ||     2
  Eat: Ration            |       |     1 ||     1
Armor: Robe              |    14 |     6 ||    20
Dodge: Dodged            |    95 |    86 ||   181
Block: Buckler           |    36 |    40 ||    76
